 Dungeon Crawl Stone Soup version 0.18-a0-1515-g333d932 (webtiles) character file.

541 Oddball22 the Thaumaturge (level 7, -7/36 HPs)
             Began as a Deep Elf Ice Elementalist on Mar 7, 2016.
             Was an Initiate of Sif Muna.
             Mangled by Sigmund
             ... wielding a +2 scythe of flaming
              (11 damage)
             ... on level 5 of the Dungeon.
             The game lasted 00:17:21 (5128 turns).

Oddball22 the Thaumaturge (DEIE)                    Turns: 5128, Time: 00:17:21

Health: -7/36      AC:  1    Str:  5    XL:     7   Next: 5%
Magic:  2/20       EV: 13    Int: 22    God:    Sif Muna [......]
Gold:   235        SH:  0    Dex: 15    Spells: 5 memorised, 8 levels left

rFire  . . .     SeeInvis .     p - +4 quarterstaff (chaos)
rCold  . . .     Gourm    .     B - -2 robe (curse)
rNeg   . . .     Faith    .     (shield currently unavailable)
rPois  .         Spirit   .     (no helmet)
rElec  .         Dismiss  .     A - +0 cloak
rCorr  .         Reflect  .     (no gloves)
SustAt .         Harm     .     (no boots)
MR     .....     Rnd*Tele +     (no amulet)
Stlth  +.........               (no ring)
                                r - ring of teleportation (curse)

@: confused, very slightly contaminated, not resistant to hostile enchantments,
very unstealthy
A: no striking features
a: Renounce Religion


You were on level 5 of the Dungeon.
You worshipped Sif Muna.
Sif Muna was noncommittal.
You were not hungry.

You visited 2 branches of the dungeon, and saw 6 of its levels.

You collected 235 gold pieces.

Inventory:

Hand Weapons
 j - a +2 short sword of draining
 p - a +4 quarterstaff of chaos (weapon)
 y - a +0 flail of protection
Armour
 a - a +0 robe
 A - a +0 cloak (worn)
 B - a cursed -2 robe (worn)
Jewellery
 r - a cursed ring of teleportation (left hand)
Wands
 w - a wand of hasting (4/9)
Scrolls
 d - a scroll of remove curse {unknown}
 e - 4 scrolls of recharging {unknown}
 g - 5 scrolls of identify {unknown}
 h - 3 scrolls of enchant armour {unknown}
 t - a scroll of fear {unknown}
 u - a scroll of amnesia {unknown}
 v - a scroll of noise {unknown}
 x - a scroll of fog {unknown}
 z - a scroll of teleportation {unknown}
Potions
 i - 4 potions of brilliance {unknown}
 m - 2 potions of curing {unknown}
 o - 4 potions of flight {unknown}
 q - 2 potions of degeneration {unknown}
 s - a potion of resistance {unknown}
Books
 b - a book of Frost

   Spells                             Type                      Level
   a - Freeze                         Ice                          1
   b - Throw Frost                    Conjuration/Ice              2
   c - Ozocubu's Armour               Charms/Ice                   3
   d - Throw Icicle                   Conjuration/Ice              4
   e - Summon Ice Beast               Ice/Summoning                4
Comestibles
 c - 5 bread rations
 f - 12 fruits
 k - 2 beef jerkies
 l - 2 meat rations
 n - 2 slices of pizza


   Skills:
 - Level 2.4 Dodging
 - Level 2.4 Stealth
 - Level 8.1 Spellcasting
 + Level 1.7 Conjurations
 + Level 1.5 Charms
 + Level 0.9 Summonings
 - Level 5.7 Ice Magic


You had 8 spell levels left.
You knew the following spells:

 Your Spells              Type           Power        Failure   Level  Hunger
a - Freeze                Ice            ####         1%          1    None
b - Throw Frost           Conj/Ice       ####..       2%          2    None
c - Ozocubu's Armour      Chrm/Ice       ###.....     6%          3    None
d - Throw Icicle          Conj/Ice       ####....     17%         4    ###....
e - Summon Ice Beast      Ice/Summ       ###.....     21%         4    ###....


Dungeon Overview and Level Annotations

Branches:
Dungeon (5/15)             Temple (1/1) D:4

Altars:
Ashenzari
Cheibriados
Fedhas
Gozag
Kikubaaqudgha
Nemelex Xobeh
Okawaru
Qazlal
Ru
Sif Muna
Trog
Xom
Zin
The Shining One

Shops:
D:4 !*

Annotations:
D:3 1 runed door
D:5 Sigmund


Message History

Press: ? - help, Shift-Dir - straight line, f - Sigmund
Aim: Sigmund, wielding a scythe of flaming and wearing a robe (severely wounded)
The shard of ice misses Sigmund.
Sigmund says, "Your kind have come here before.
I understand now why.
You desire death..."
Sigmund gestures wildly while chanting.
Sigmund flickers and vanishes!
Deactivating autopickup; reactivate with Ctrl-A.
Something hits you. Something burns you.
You hear the brisk rusting of a drain nearby.
You hear some strange, mumbled words.
You are confused.
You bump into the rock wall.
You barely miss something. Something hits you!
* * * LOW HITPOINT WARNING * * *
Something burns you.
* * * LOW HITPOINT WARNING * * *
You bump into the rock wall.
Your ice beast seems less confused.
Something hits you!
You die...

# #.###+###
#.......#
#.....#
+..Y..+
#.....#
#####.#
#.#+###
#.@...#
#.....#
#...........#
#.######....+
.....# ##
...### #..
...# #.#
....# ###.##
..#


You could see a friendly ice beast.

Vanquished Creatures
  Blork the orc (D:4)
  Crazy Yiuf (D:4)
  An orc priest (D:5)
  A giant frog skeleton (D:5)
  Terence (D:3)
  2 worker ants (D:4)
  A hound skeleton (D:4)
  5 adders
  A worm (D:2)
  2 dart slugs
  A giant gecko (D:1)
  8 orcs
  2 ball pythons
  8 bats
  5 giant cockroaches
  6 goblins
  10 hobgoblins
  5 jackals
  4 quokkas
  4 giant newts
  6 kobolds
  10 rats
85 creatures vanquished.

Vanquished Creatures (collateral kills)
  Duvessa (D:4)
  An ogre (D:4)
  Dowan (D:4)
3 creatures vanquished.

Grand Total: 88 creatures vanquished

Notes
Turn   | Place    | Note
--------------------------------------------------------------
     0 | D:1      | Oddball22 the Deep Elf Ice Elementalist began the quest for the Orb.
     0 | D:1      | Reached XP level 1. HP: 10/10 MP: 6/6
   138 | D:1      | Reached XP level 2. HP: 15/15 MP: 2/8
   869 | D:1      | Reached skill level 4 in Spellcasting
   898 | D:1      | Learned a level 2 spell: Throw Frost
  1042 | D:1      | Reached XP level 3. HP: 19/19 MP: 10/10
  1656 | D:2      | Found an iron altar of Okawaru.
  1964 | D:2      | Found a bloodstained altar of Trog.
  1997 | D:2      | Reached skill level 5 in Spellcasting
  2104 | D:2      | Reached XP level 4. HP: 20/24 MP: 13/13
  2480 | D:3      | Found a stormy altar of Qazlal.
  2484 | D:3      | Found a blossoming altar of Fedhas.
  2606 | D:3      | Found a sacrificial altar of Ru.
  2788 | D:3      | Found a shattered altar of Ashenzari.
  2865 | D:3      | Found a glowing silver altar of Zin.
  2865 | D:3      | Noticed an angel
  2866 | D:3      | Found a runed door.
  3343 | D:3      | Noticed Terence
  3347 | D:3      | Killed Terence
  3347 | D:3      | Reached XP level 5. HP: 28/28 MP: 12/15
  3359 | D:3      | Learned a level 3 spell: Ozocubu's Armour
  3364 | D:3      | Learned a level 4 spell: Throw Icicle
  3369 | D:3      | Learned a level 4 spell: Summon Ice Beast
  3627 | D:4      | Reached skill level 6 in Spellcasting
  3706 | D:4      | Found Ovvy's Distillery.
  3791 | D:4      | Noticed Blork the orc
  3797 | D:4      | Killed Blork the orc
  3797 | D:4      | Reached skill level 5 in Ice Magic
  3831 | D:4      | Noticed Duvessa
  3856 | D:4      | Reached skill level 7 in Spellcasting
  3889 | D:4      | Reached XP level 6. HP: 22/32 MP: 12/18
  3890 | D:4      | Found an opulent altar of Gozag.
  3981 | D:4      | Found Gozag's Platinum Reserve.
  4224 | D:4      | Found an ancient bone altar of Kikubaaqudgha.
  4251 | D:4      | Killed Duvessa
  4294 | D:4      | Noticed Dowan
  4305 | D:4      | Killed Dowan
  4305 | D:4      | Reached skill level 8 in Spellcasting
  4419 | D:4      | Found a staircase to the Ecumenical Temple.
  4590 | Temple   | Entered the Ecumenical Temple
  4620 | Temple   | Became a worshipper of Sif Muna the Loreminder
  4658 | D:4      | Noticed Crazy Yiuf
  4661 | D:4      | Killed Crazy Yiuf
  4872 | D:5      | Entered Level 5 of the Dungeon
  4887 | D:5      | Reached skill level 1 in Charms
  4892 | D:5      | Reached XP level 7. HP: 24/36 MP: 6/20
  4974 | D:5      | Found a sparkling altar of Nemelex Xobeh.
  5108 | D:5      | Found a snail-covered altar of Cheibriados.
  5113 | D:5      | Noticed Sigmund
  5128 | D:5      | Mangled by Sigmund

Vault maps used:
D:1:      dpeg_arrival_round_b, roderic_lattice_a, dk_noncrumbling_3,
          minmay_misc_feat_secret_circle
D:2:      marbit_many_paths, trog_three_pillars_becter
D:3:      grunt_temple_overflow_forces_of_nature,
          nicolae_ru_sacrificial_ziggurat, lemuel_crystal_altar, first_bread,
          lemuel_angel_altar, uniq_terence
D:4:      kennysheep_little_box, nicolae_gozag_zags_fifth_avenue,
          minmay_temple_entry_hall, serial_shops, shop, uniq_blork_the_orc,
          uniq_duvessa, uniq_crazy_yiuf_cottage
D:5:      old_standard_altar, lemuel_crystal_altar, lemuel_round_altar,
          gup_sewer_entry_spiral, uniq_menkaure, uniq_sigmund
Temple:   circular_temple_6

Skill      XL: |  1  2  3  4  5  6 |
---------------+-------------------+-----
Ice Magic      | 4 5 |  5.7
Spellcasting   | 4 5 7 8 |  8.1
Charms         | 1 |  1.5
Dodging        | |  2.4
Stealth        | |  2.4
Conjurations   | |  1.7
Summonings     | |  0.9

Action                   |  1- 3 |  4- 6 |  7- 9 || total
-------------------------+-------+-------+-------++-------
Melee: Short sword       |    23 |    73 |       ||    96
       Quarterstaff      |       |       |     8 ||     8
 Cast: Freeze            |    47 |    26 |     1 ||    74
       Throw Frost       |     4 |    14 |       ||    18
       Throw Icicle      |       |     5 |     3 ||     8
       Summon Ice Beast  |       |     3 |     1 ||     4
 Stab: Sleeping          |     4 |     6 |       ||    10
  Eat: Chunk             |     3 |     9 |     2 ||    14
